AoeStats
← hightower_208

Arena

510140438Analyzed
2v2 RM · 2d ago on Sep 29, 2026· 44m 10s· 4 players
Game mode
Random Map
Map size
Medium (4 player)
Population
200
Speed
Normal
Resources
Standard
Victory
Conquest
Starting age
Dark Age
Ending age
Imperial Age
RankedLock teamsTeams togetherTeam positionsShared explorationLock speedFull tech treeHidden civsTurbo modeCheats
Victory
Defeat
🇩🇪 Varangians · Germany
1692
+20
🇩🇪 Mongols · Germany
1676
+20
🇳🇴 Vikings · Norway
1771
-20
🇸🇪 Saxons · Sweden
1768
-20
hightower_208
9:22 Feudal Age
12:59 Castle Age
11:40 Horse Collar
12:37 Double-Bit Axe
19:23 Heavy Plow
20:16 Bow Saw
21:26 Wheelbarrow
20:59 Gold Mining
22:25 Hand Cart
24:19 Town Watch
27:22 Imperial Age
24:39 Loom
25:12 Town Watch
25:34 Scale Mail Armor
26:52 Chain Mail Armor
26:25 Gambesons
26:41 Squires
28:07 Forging
27:27 Elite Varangian Guard
28:39 Plate Mail Armor
28:41 Capped Ram
29:02 Gothikon
32:17 Iron Casting
32:11 Siege Ram
34:24 Blast Furnace
34:24 Conscription
39:58 Coinage
41:27 Banking
42:03 Siege Engineers
42:08 Masonry
44:59 Architecture
44:10 Treadmill Crane
44:45 Caravan
Mjoelnir
10:54 Feudal Age
11:45 Double-Bit Axe
14:25 Castle Age
12:27 Horse Collar
13:39 Gold Mining
15:08 Fletching
18:40 Bodkin Arrow
24:02 Bow Saw
24:33 Wheelbarrow
24:14 Loom
24:38 Heavy Plow
27:48 Hand Cart
28:07 Stone Mining
28:53 Gold Shaft Mining
28:43 Padded Archer Armor
32:17 Imperial Age
30:33 Ballistics
31:07 Leather Archer Armor
31:34 Masonry
32:05 Bloodlines
31:56 Husbandry
34:14 Chemistry
33:15 Bracer
33:22 Elite Mangudai
34:21 Thumb Ring
35:50 Parthian Tactics
37:08 Hoardings
36:54 Conscription
39:32 Siege Engineers
39:44 Fortified Wall
43:04 Stone Shaft Mining
44:26 Caravan
Davve02
10:46 Feudal Age
14:23 Castle Age
12:40 Double-Bit Axe
14:18 Horse Collar
16:14 Bow Saw
21:26 Sanctity
22:06 Wheelbarrow
21:29 Gold Mining
23:28 Hand Cart
24:55 Gold Shaft Mining
24:46 Heavy Plow
28:15 Imperial Age
25:54 Fletching
26:20 Stone Mining
26:29 Bodkin Arrow
27:13 Padded Archer Armor
28:11 Leather Archer Armor
28:22 Bloodlines
28:13 Husbandry
28:37 Ballistics
28:59 Bracer
29:25 Thumb Ring
29:12 Loom
29:10 Cranequins
32:16 Chemistry
32:28 Ring Archer Armor
32:21 Heavy Mounted Crossbowman
33:25 Scale Mail Armor
33:46 Masonry
35:05 Chain Mail Armor
35:32 Conscription
35:10 Man-at-Arms
36:37 Fortified Wall
35:57 Long Swordsman
37:28 Plate Mail Armor
37:04 Two-Handed Swordsman
39:17 Forging
Mystic
10:28 Feudal Age
14:06 Castle Age
12:38 Double-Bit Axe
12:34 Horse Collar
15:13 Bow Saw
21:09 Bow Saw
20:59 Heavy Plow
21:16 Gold Mining
21:19 Stone Mining
27:00 Imperial Age
24:38 Fletching
25:05 Padded Archer Armor
25:32 Ballistics
25:07 Crossbowman
26:04 Bodkin Arrow
26:52 Leather Archer Armor
26:52 Loom
27:48 Bracer
28:41 Coinage
27:46 Arbalester
29:52 Ring Archer Armor
29:58 Fortified Wall
30:03 Scale Mail Armor
30:30 Forging
30:28 Squires
30:35 Town Watch
31:36 Chain Mail Armor
31:55 Elite Varangian Guard
33:26 Conscription
34:12 Plate Mail Armor
34:18 Iron Casting
38:01 Blast Furnace
36:45 Man-at-Arms
37:37 Long Swordsman
38:27 Siege Engineers
38:10 Two-Handed Swordsman
38:58 Champion
40:25 Chieftains
41:38 Arson
42:17 Masonry
42:44 Banking
41:51 Elite Skirmisher
Connection lost

Rejoining the realm…

Still unreachable

The connection could not be restored.

Session expired

The server has moved on; the page needs a fresh start.